 Dungeon Sprint DCSS version 0.29-a0-789-g7a8fcbc185 (webtiles) character file.

Game seed: 7481779315899116053

878 Hipnos the Unseen (level 7, -12/32 HPs)
             Began as a Spriggan Enchanter on July 3, 2022.
             Shot with a bolt by a yaktaur captain (27 damage)
             ... in the Dungeon (Sprint II: "The Violet Keep of Menkaure").
             The game lasted 00:03:39 (849 turns).

Hipnos the Unseen (Spriggan Enchanter)               Turns: 849, Time: 00:03:40

Health: -12/32     AC:  2    Str:  4    XL:     7   Next: 75%
Magic:  18/18      EV: 20    Int: 16    God:
Gold:   729        SH:  0    Dex: 18    Spells: 9/20 levels left

rFire   . . .      SeeInvis +   a - +1 dagger
rCold   . . .      Faith    .   (no shield)
rNeg    . . .      Spirit   .   b - +0 robe
rPois   .          Reflect  .   (helmet restricted)
rElec   .          Harm     .   (no cloak)
rCorr   .          Rampage  .   (gloves unavailable)
Will    +....      NoTele   +   (boots unavailable)
Stlth   ++++......              (no amulet)
HPRegen 0.10/turn               (no ring)
MPRegen 0.16/turn               (no ring)

@: slow
A: very small, no large weapons, unfitting armour, see invisible, speed 3,
screaming 1, subdued magic 1
a: no special abilities


You were in the Dungeon.
You visited 1 branch You collected 729 gold pieces.

Inventory:

Hand Weapons
 a - a +1 dagger (weapon)
Armour
 b - a +0 robe (worn)
Scrolls
 i - a scroll of blinking
Potions
 c - a potion of invisibility
 d - a potion of curing
 f - a potion of haste
 g - a potion of magic


   Skills:
 + Level 0.1 Fighting
 * Level 7.4 Short Blades
 + Level 5.4 Dodging
 * Level 18.4 Stealth
 + Level 7.1 Spellcasting
 + Level 9.1 Hexes
 + Level 2.2 Ice Magic


You had 9 spell levels left.
You knew the following spells:

 Your Spells              Type           Power      Damage    Failure   Level
a - Confusing Touch       Hex            26%        N/A       1%          3
b - Ensorcelled Hibernat  Hex/Ice        36%        N/A       1%          2
c - Tukima's Dance        Hex            26%        N/A       1%          3
d - Dazzling Flash        Conj/Hex       30%        N/A       4%          3

Your spell library contained the following spells:

 Spells                   Type           Power      Damage    Failure   Level


Dungeon Overview and Level Annotations

Branches:
Dungeon (1/1)

Altars:

Shops:
D :!:(

Annotations:
D Roxanne


Innate Abilities, Weirdness & Mutations

You are very small and have problems with some larger weapons.
You are too small for most types of armour.
You have supernaturally acute eyesight. (SInv)
You cover ground extremely quickly. (Speed+++)
You occasionally shout uncontrollably at your foes.
Your spells are a little easier to cast, but a little less powerful.


Message History

Unknown command.
You feel sick.
There is an open door here.
You close the door.
You feel sick.
You start resting.
You feel sick.
A water moccasin comes into view.
You feel sick.
There is an open door here.
You feel sick.
You are no longer poisoned.
You close the door.
You start resting.
Magic restored.
You start resting.
A skeletal warrior opens the door.
It is wielding a +2 antimagic battleaxe.
You start resting.
A skeletal warrior is nearby!
You start resting.
A skeletal warrior is nearby!
There is an open door here.
You close the door.
There is an open door here.
You close the door.
You start resting.
A skeletal warrior opens the door.
It is wielding a +2 antimagic battleaxe.
The skeletal warrior moves out of view.
Marking area around Roxanne as unsafe for travelling.
There is an open door here.
You enter the shallow water.
Moving in this stuff is going to be slow.
Which direction?
You close the gate.
Found Vitron's Antique Weapon Emporium.
Found Metappui's Distillery.
A yaktaur captain comes into view.
Found Foesiax's Book Shoppe and Monemn's Book Emporium.
The yaktaur captain wields a +0 arbalest.
The yaktaur captain shoots a bolt.
The bolt hits you!!
Ouch! That really hurt!
You die...

####.#.#### ∩.∩
#.###+###.# .∩c
###.##.##..## ..∩'
+.##'.<.+##.+
...#≈#...##z##.z##
##≈##.###'###.#
#≈≈####...####
#≈≈≈#..##.# ≈
#@####.## §≈≈
#≈≈##'##≈§≈§§
##≈≈z≈≈≈≈≈≈≈≈
#+++#+++#≈§§
≈≈.§≈# ≈§§≈≈..#
≈§≈8≈§..§'
.≈§.§§§≈≈##≈
##≈.§§≈≈≈##


You could see a yaktaur captain and a skeletal warrior.

Vanquished Creatures
  2 wyverns (D)
  2 neqoxecs (D)
  A water moccasin (D)
  4 scorpions (D)
  3 worms (D)
12 creatures vanquished.

Vanquished Creatures (others)
  Menkaure (D)
1 creature vanquished.

Grand Total: 13 creatures vanquished

Notes
Turn   | Place    | Note
-------+----------+-------------------------------------------
     0 | D        | Hipnos the Spriggan Enchanter began the quest for the Orb.
     0 | D        | Reached XP level 1. HP: 9/9 MP: 5/5
     9 | D        | Reached skill level 5 in Stealth
    25 | D        | Killed Menkaure
   251 | D        | Reached skill level 6 in Stealth
   251 | D        | Reached XP level 2. HP: 13/13 MP: 7/7
   257 | D        | Noticed a scorpion
   257 | D        | Noticed a scorpion
   257 | D        | Noticed a scorpion
   257 | D        | Noticed a scorpion
   260 | D        | Killed a scorpion
   261 | D        | Reached skill level 9 in Stealth
   261 | D        | Reached skill level 5 in Hexes
   261 | D        | Reached XP level 3. HP: 7/16 MP: 9/9
   261 | D        | Reached XP level 4. HP: 10/21 MP: 10/10
   425 | D        | Learned a level 3 spell: Confusing Touch
   428 | D        | Learned a level 2 spell: Ensorcelled Hibernation
   432 | D        | Killed a scorpion
   433 | D        | Reached skill level 10 in Stealth
   437 | D        | Killed a scorpion
   438 | D        | Reached skill level 5 in Short Blades
   438 | D        | Reached skill level 12 in Stealth
   438 | D        | Reached XP level 5. HP: 24/24 MP: 7/13
   446 | D        | Reached skill level 13 in Stealth
   446 | D        | Reached skill level 5 in Spellcasting
   529 | D        | Learned a level 3 spell: Tukima's Dance
   533 | D        | Learned a level 3 spell: Dazzling Flash
   544 | D        | Noticed a wyvern
   544 | D        | Noticed a wyvern
   547 | D        | Killed a wyvern
   548 | D        | Reached skill level 5 in Dodging
   548 | D        | Reached skill level 15 in Stealth
   548 | D        | Reached skill level 1 in Ice Magic
   548 | D        | Reached XP level 6. HP: 28/28 MP: 13/15
   550 | D        | Killed a wyvern
   551 | D        | Reached skill level 16 in Stealth
   551 | D        | Reached XP level 7. HP: 32/32 MP: 13/17
   556 | D        | Noticed a neqoxec
   556 | D        | Noticed a neqoxec
   556 | D        | Noticed a neqoxec
   556 | D        | Noticed a neqoxec
   562 | D        | Gained mutation: You occasionally shout uncontrollably at
                  | your foes. [a neqoxec]
   563 | D        | Gained mutation: Your spells are a little easier to cast,
                  | but a little less powerful. [a neqoxec]
   564 | D        | Killed a neqoxec
   565 | D        | Reached skill level 17 in Stealth
   581 | D        | Killed a neqoxec
   582 | D        | Reached skill level 18 in Stealth
   818 | D        | Noticed a skeletal warrior
   842 | D        | Noticed Roxanne
   847 | D        | Found Vitron's Antique Weapon Emporium.
   848 | D        | Found Metappui's Distillery.
   848 | D        | Noticed a yaktaur captain
   849 | D        | Found Foesiax's Book Shoppe.
   849 | D        | Found Monemn's Book Emporium.
   849 | D        | Shot with a bolt by a yaktaur captain

Illustrated notes

Levels and vault maps discovered:
D:        the_violet_keep_of_menkaure [sprint2_stairs_cluster_1,
          sprint2_shoproom, sprint2_temple, sprint2_basic_supplies,
          sprint2_obstacle_6, sprint2_obstacle_5, sprint2_obstacle_7,
          sprint2_obstacle_3, sprint2_obstacle_2, sprint2_timed_cluster_1,
          sprint2_smallroom_cluster_1, sprint2_smallroom_final_cluster_1,
          sprint2_transparent_cluster_1, sprint2_second_timed_cluster_1,
          sprint2_sniper_area_1, sprint2_heavy_combat_area_1,
          sprint2_mutation_trap_area_1, sprint2_forest_area_1,
          sprint2_light_combat_area_1, sprint2_behind_water_1,
          sprint2_near_end_vault_1]

Skill      XL: |  1  2  3  4  5  6  7 |
---------------+----------------------+-----
Stealth        | 6 9 12 15 16 18 | 18.4
Hexes          | 4 5 7 8 9 |  9.1
Dodging        | 3 4 5 |  5.4
Spellcasting   | 3 4 5 6 7 |  7.1
Short Blades   | 2 3 5 6 7 |  7.4
Ice Magic      | 1 2 |  2.2
Fighting       | |  0.1

Action                   |  1- 3 |  4- 6 |  7- 9 || total
-------------------------+-------+-------+-------++-------
Melee: Dagger            |    10 |     8 |     6 ||    24
 Cast: Ensorcelled Hiber |       |     5 |    10 ||    15
       Confusing Touch   |       |       |     1 ||     1
  Use: Potion            |     1 |       |     3 ||     4
 Stab: Sleeping          |     2 |     4 |     4 ||    10
       Distracted        |       |     1 |       ||     1
       Confused          |       |       |     1 ||     1
Dodge: Dodged            |     4 |     3 |     6 ||    13

Table legend: (Time is in decaauts)
 A = Elapsed time spent in this place.
 B = Non-inter-level travel time spent in this place.
 C = Inter-level travel time spent in this place.
 D = Time resting spent in this place.
 E = Time spent auto-exploring this place.
 F = Levels seen in this place.
 G = Mean time per level.
                   A        B        C        D        E       F      G
               +--------+--------+--------+--------+--------+-----+--------+
         Total |    812 |    812 |      0 |    682 |      0 |   1 |  812.0 |
       Dungeon |    812 |    812 |      0 |    682 |      0 |   1 |  812.0 |
               +--------+--------+--------+--------+--------+-----+--------+

Top non-repeatable levels by time:
       D: 812 daAuts
